 Dungeon Crawl Stone Soup version 0.20-a0-1126-g0f15420 (webtiles) character file.

221 Lochraine the Shield-Bearer (level 5, 0/28 HPs)
             Began as a Vine Stalker Fighter on May 17, 2017.
             Killed from afar by Edmund (15 damage)
             ... with a wand of lightning (?/15)
             ... on level 4 of the Dungeon.
             The game lasted 00:04:28 (2402 turns).

Lochraine the Shield-Bearer (Vine Stalker Fighter)  Turns: 2402, Time: 00:04:29

Health: 0/28       AC:  8    Str: 23    XL:     5   Next: 98%
Magic:  0/6        EV:  7    Int:  8    God:
Gold:   203        SH: 10    Dex: 15    Spells: 4/4 levels left

rFire    . . .     SeeInvis .   a - +0 long sword
rCold    . . .     Gourm    .   c - +0 shield
rNeg     . . .     Faith    .   b - +0 scale mail
rPois    .         Spirit   +   (no helmet)
rElec    .         Reflect  .   (no cloak)
rCorr    .         Harm     .   (no gloves)
MR       .....                  r - +0 pair of boots
Stlth    +.........             (no amulet)
Regen    0.5/turn               (no ring)
MPRegen  0.1/turn               (no ring)

@: mighty
A: fangs 2, regeneration 1, magic shield, antimagic bite, no potion heal 3, rot
immunity
a: no special abilities


You were on level 4 of the Dungeon.
You were not hungry.

You visited 1 branch of the dungeon, and saw 4 of its levels.

You collected 203 gold pieces.

Inventory:

Hand Weapons
 a - a +0 long sword (weapon)
Missiles
 v - 2 throwing nets (quivered) {!f}
Armour
 b - a +0 scale mail (worn)
 c - a +0 shield (worn)
 r - a +0 pair of boots (worn)
   (You found it on level 2 of the Dungeon)
Scrolls
 e - 5 scrolls of remove curse {@r2}
 i - 2 scrolls of blinking {unknown}
 j - 2 scrolls of immolation {unknown}
 l - 2 scrolls of amnesia
 m - 4 scrolls of identify {@r1}
 n - a scroll of fear {unknown}
 p - a scroll of recharging {unknown}
 t - a scroll of enchant armour {unknown}
Potions
 g - 2 potions of mutation {unknown}
 h - a potion of heal wounds {unknown}
 k - 2 potions of curing {@q1}
 w - a potion of invisibility {unknown}
 x - a potion of agility {unknown}
Comestibles
 f - 5 chunks of flesh
 o - a royal jelly
 q - 2 bread rations
 s - 3 fruits
 u - a meat ration


   Skills:
 + Level 3.4 Fighting
 + Level 2.7 Long Blades
 + Level 3.2 Armour
 + Level 2.9 Stealth
 * Level 3.6 Shields


You had 4 spell levels left.
You didn't know any spells.

Dungeon Overview and Level Annotations

Branches:
Dungeon (4/15)
 Temple: D:4-7

Altars:
Nemelex Xobeh
Qazlal

Annotations:
D:4 Edmund


Innate Abilities, Weirdness & Mutations

You have extremely sharp teeth.
Your natural rate of healing is unusually fast.
When hurt, damage is shared between your health and your magic reserves.
Your bite disrupts and absorbs the magic of your enemies.
Potions cannot restore your health.
You are immune to rotting.


Message History

The adder skeleton bites you but does no damage.
You slash the adder skeleton!
You destroy the adder skeleton!
No target in view!
You now have 191 gold pieces (gained 17).
Found a stormy altar of Qazlal.
Found an escape hatch in the floor.
Found a robe.
Found a stone staircase leading down.
You now have 203 gold pieces (gained 12).
Found a stone staircase leading up.
An adder skeleton comes into view.
An adder skeleton is nearby!
Found a scale mail.
The adder skeleton bites you but does no damage.
You slash the adder skeleton! You bite the adder skeleton. You drain its power.
The adder skeleton bites you but does no damage.
You hit the adder skeleton.
You bite the adder skeleton, but do no damage.
The adder skeleton bites you but does no damage.
You block the adder skeleton's attack.
You closely miss the adder skeleton. Your bite misses the adder skeleton.
The adder skeleton bites you but does no damage.
You block Edmund's attack.
The adder skeleton bites you but does no damage.
You slash the adder skeleton!
You destroy the adder skeleton!
Edmund hits you but does no damage.
Your shield and scale mail prevent you from hitting Edmund.
Edmund hits you but does no damage.
You hit Edmund but do no damage. You bite Edmund. You drain his power.
You block Edmund's attack.
Okay, then.
You hit Edmund but do no damage. You bite Edmund, but do no damage.
Edmund hits you with a flail of protection.
You hit Edmund but do no damage. You bite Edmund, but do no damage.
Edmund zaps a wand.
The bolt of lightning hits you!
It is a wand of lightning (?/15).
You hit Edmund but do no damage. Edmund hits you but does no damage.
You feel very mighty all of a sudden. You block Edmund's attack.
You slash Edmund! Your bite misses Edmund. You block Edmund's attack.
You closely miss Edmund. You bite Edmund! You drain his power.
You feel invigorated.
Edmund hits you with a flail of protection.
You hit Edmund but do no damage. You bite Edmund, but do no damage.
Edmund hits you with a flail of protection.
Edmund zaps a wand.
The bolt of lightning hits you!
Ouch! That really hurt!
You die...

≈≈§≈§§..# ##.......##
+§#≈≈...####........#
...≈§§§.##.........##
....§§.............#
.......##..........##
##..########........## #...##
##.[.......# .....###
##..........###
........#.......@......## ###
####.............@.......[.####..
# ##..................)........ #
.....<...................<. #
.......................>@. #
########................ #
#..[........#.... # ..###....#
###.[ # . #..


You could see Edmund.

Vanquished Creatures
  A phantom (D:4)
  3 adders
  A gnoll (D:1)
  2 adder skeletons (D:4)
  A worm (D:2)
  A dart slug (D:2)
  3 leopard geckos
  2 orcs (D:3)
  7 bats
  5 giant cockroaches
  12 goblins
  9 hobgoblins
  10 jackals
  9 kobolds
  A quokka (D:4)
  3 ball pythons (D:3)
  2 frilled lizards (D:2)
  A quokka skeleton (D:4)
  4 rats
77 creatures vanquished.

Notes
Turn   | Place    | Note
-------+----------+-------------------------------------------
     0 | D:1      | Lochraine the Vine Stalker Fighter began the quest for the Orb.
     0 | D:1      | Reached XP level 1. HP: 11/11 MP: 2/2
   201 | D:1      | Reached XP level 2. HP: 11/16 MP: 3/3
   295 | D:1      | Reached skill level 1 in Stealth
   487 | D:1      | Reached XP level 3. HP: 13/19 MP: 2/4
  1203 | D:2      | Gained mutation: Your natural rate of healing is unusually fast. [Vine Stalker growth]
  1203 | D:2      | Reached XP level 4. HP: 20/23 MP: 5/5
  1604 | D:3      | Found a sparkling altar of Nemelex Xobeh.
  1824 | D:3      | Reached XP level 5. HP: 28/28 MP: 6/6
  1839 | D:3      | Found a faded altar of an unknown god.
  2146 | D:4      | Noticed Edmund
  2198 | D:4      | Noticed a phantom
  2246 | D:4      | Killed a phantom
  2363 | D:4      | Found a stormy altar of Qazlal.
  2402 | D:4      | Killed from afar by Edmund

Vault maps used:
D:1:      grunt_arrival_lava_bath, minmay_misc_feat_doors, minmay_hedge_maze,
          grunt_decor_one_mirror
D:2:      minivault_26, st_stairs_10, kennysheep_generic_room_11
D:3:      chequers_ecumenical_altar_simple_redux, lemuel_statue_altar
D:4:      serial_shops, kennysheep_mini, glass_columns_a,
          nicolae_qazlal_general_emergency, uniq_edmund

Skill      XL: |  1  2  3  4 |
---------------+-------------+-----
Stealth        | 1 2 |  2.9
Long Blades    | 2 |  2.7
Shields        | 3 |  3.6
Fighting       | 3 |  3.4
Armour         | 3 |  3.2

Action                   |  1- 3 |  4- 6 || total
-------------------------+-------+-------++-------
Melee: Long sword        |    88 |   155 ||   243
       Bite              |    21 |    49 ||    70
  Use: Scroll            |       |     3 ||     3
       Potion            |       |     1 ||     1
  Eat: Chunk             |     1 |     4 ||     5
Armor: Scale mail        |    37 |    74 ||   111
Dodge: Dodged            |    24 |    39 ||    63
Block: Shield            |    42 |    84 ||   126
       Rpst.: Long sword |    11 |     9 ||    20
